 Dungeon Crawl Stone Soup version 0.28-a0-1038-g9c4cb8273d (webtiles) character file.

Game seed: 3621748153814161622

11 siradein the Shield-Bearer (level 2, -2/16 HPs)
             Began as a Vine Stalker Fighter on Dec 8, 2021.
             Slain by a worm (5 damage)
             ... on level 2 of the Dungeon.
             The game lasted 00:01:07 (980 turns).

siradein the Shield-Bearer (Vine Stalker Fighter)    Turns: 980, Time: 00:01:07

Health: -2/16      AC:  8    Str: 18    XL:     2   Next: 29%
Magic:  0/3        EV:  4    Int:  8    God:
Gold:   38         SH:  8    Dex: 13    Spells: 1/1 levels left

rFire   . . .      SeeInvis .   a - +0 flail
rCold   . . .      Faith    .   f - +0 kite shield
rNeg    . . .      Spirit   +   e - +0 chain mail
rPois   .          Reflect  .   (no helmet)
rElec   .          Harm     .   (no cloak)
rCorr   .          Rampage  .   (no gloves)
Will    .....                   (no boots)
Stlth   ..........              (no amulet)
HPRegen 0.05/turn               (no ring)
MPRegen 0.08/turn               (no ring)

@: no status effects
A: fangs 2, magic shield, antimagic bite, no potion heal 2
a: no special abilities


You were on level 2 of the Dungeon.
You visited 1 branch of the dungeon, and saw 2 of its levels.

You collected 38 gold pieces.

Inventory:

Hand Weapons
 a - a +0 flail (weapon)
Armour
 e - a +0 chain mail (worn)
 f - a +0 kite shield (worn)
Scrolls
 g - a scroll of immolation {unknown}
 h - 2 scrolls of blinking {unknown}
Potions
 b - a potion of flight {unknown}
 d - a potion of might


   Skills:
 + Level 2.8 Fighting
 + Level 2.0 Maces & Flails
 + Level 2.5 Armour
 + Level 2.8 Shields


You had one spell level left.
You didn't know any spells.
Your spell library contained the following spells:

 Spells                   Type           Power      Damage    Failure   Level
 Ensorcelled Hibernation  Hex/Ice        0%         N/A       100%        2
 Spider Form              Tmut/Pois      0%         N/A       100%        3


Dungeon Overview and Level Annotations

Branches:
Dungeon (2/15)

Altars:

Shops:
D:2 !


Innate Abilities, Weirdness & Mutations

You have extremely sharp teeth.
When hurt, damage is shared between your health and your magic reserves.
Your bite disrupts and absorbs the magic of your enemies.
Potions cannot restore your health.


Message History

You now have 38 gold pieces (gained 17).
There is an entrance to Bun Lonu's Distillery here.
There is a stone staircase leading up here.
A kobold comes into view. It is wielding a +0 short sword.
The kobold shouts!
You hit the kobold.
You kill the kobold!
No target in view!
No target in view!
Things that are here:
a +0 short sword; a kobold corpse You open the door.
A worm comes into view.
The worm bites you!
There is an open door here.
You thump the worm! You bite the worm. You drain its power.
You feel invigorated.
The worm is severely wounded.
The worm bites you but does no damage.
You hit the worm. You bite the worm. You drain its power.
You feel invigorated.
The worm is almost dead.
The worm barely misses you.
You barely miss the worm. Your bite misses the worm.
The worm is almost dead.
The worm barely misses you.
You hit the worm. Your bite misses the worm.
The worm is almost dead.
The worm bites you but does no damage.
You barely miss the worm. Your bite misses the worm.
The worm is almost dead.
The worm bites you.
You are too injured to fight recklessly!
You are too injured to fight recklessly!
You are too injured to fight recklessly!
The worm bites you.
* * * LOW HITPOINT WARNING * * *
You completely miss the worm.
The worm is heavily wounded.
The worm bites you.
You die...

#.#.....##.# .
#.#..#...# .#.# #
#.#..#.### #...
..#..#...#
#..###########.###
#..#........)..#
#..#.###########
#..#.# #.w#@#
#.##'#w# #......#
#......# ##.....#
#.....# #....##
#....# #....#


You could see a worm.

Vanquished Creatures
  3 endoplasms
  A giant cockroach (D:2)
  A hobgoblin (D:1)
  2 bats
  2 frilled lizards
  2 kobolds
11 creatures vanquished.

Notes
Turn   | Place    | Note
-------+----------+-------------------------------------------
     0 | D:1      | siradein the Vine Stalker Fighter began the quest for the
                  | Orb.
     0 | D:1      | Reached XP level 1. HP: 11/11 MP: 2/2
   716 | D:2      | Found Bun Lonu's Distillery.
   723 | D:2      | Reached XP level 2. HP: 5/16 MP: 1/3
   980 | D:2      | Slain by a worm

Illustrated notes

Levels and vault maps discovered:
D:1:      minmay_arrival_jagged, layout_basic
D:2:      layout_basic, basic_altar, dreamdust_ecumenical_altar_drowned_temple,
          serial_shops, shop, minmay_hedge_maze, minmay_increasing_density,
          uniq_jessica

Skill      XL: |  1 |
---------------+----+-----
Maces & Flails | 2 |  2.0
Fighting       | |  2.8
Armour         | |  2.5
Shields        | |  2.8

Action                   || total
-------------------------++-------
Melee: Flail             ||    31
       Bite              ||    10
Armor: Chain mail        ||    27
Dodge: Dodged            ||    11
Block: Kite shield       ||    12
       Buckler           ||     2

Table legend: (Time is in decaauts)
 A = Elapsed time spent in this place.
 B = Non-inter-level travel time spent in this place.
 C = Inter-level travel time spent in this place.
 D = Time resting spent in this place.
 E = Time spent auto-exploring this place.
 F = Levels seen in this place.
 G = Mean time per level.
                   A        B        C        D        E       F      G
               +--------+--------+--------+--------+--------+-----+--------+
         Total |    993 |    974 |     19 |      0 |    844 |   2 |  496.5 |
       Dungeon |    993 |    974 |     19 |      0 |    844 |   2 |  496.5 |
               +--------+--------+--------+--------+--------+-----+--------+

Top non-repeatable levels by time:
     D:1: 715 daAuts
     D:2: 277 daAuts
